 Dungeon Crawl Stone Soup version 0.22-a0-402-ga933591 (webtiles) character file.

673 Firecrotchwizard the Chopper (level 7, -1/63 HPs)
             Began as a Hill Orc Fighter on May 6, 2018.
             Slain by a gnoll
             ... wielding a +0 halberd
              (3 damage)
             ... on level 5 of the Dungeon.
             The game lasted 00:05:50 (4799 turns).

Firecrotchwizard the Chopper (Hill Orc Fighter)     Turns: 4799, Time: 00:05:50

Health: -1/63      AC: 10    Str: 20    XL:     7   Next: 59%
Magic:  7/7        EV:  5    Int:  8    God:
Gold:   232        SH: 10    Dex: 11    Spells: 6/6 levels left

rFire    . . .     SeeInvis .   a - +1 war axe
rCold    + . .     Gourm    .   c - +0 shield
rNeg     . . .     Faith    .   g - +0 chain mail
rPois    .         Spirit   .   (no helmet)
rElec    .         Reflect  .   (no cloak)
rCorr    .         Harm     .   (no gloves)
MR       .....                  q - +0 pair of boots
Stlth    ..........             (no amulet)
HPRegen  0.20/turn              r - ring of protection from cold {rC+, !d}
MPRegen  0.10/turn              (no ring)

@: slowed, very slow
A: no striking features
a: no special abilities


You were on level 5 of the Dungeon.
You were not hungry.

You visited 2 branches of the dungeon, and saw 6 of its levels.

You collected 232 gold pieces.

Inventory:

Hand Weapons
 a - a +1 war axe (weapon)
 l - a +1 long sword of holy wrath
   (You found it on level 4 of the Dungeon)
 v - a +4 flail of protection
   (You took it off an orc on level 4 of the Dungeon)
Missiles
 k - 6 curare-tipped needles
Armour
 b - a +0 scale mail
 c - a +0 shield (worn)
 d - a +0 plate armour
   (You found it on level 3 of the Dungeon)
 g - a +0 chain mail (worn)
   (You found it on level 1 of the Dungeon)
 q - a +0 pair of boots (worn)
   (You found it on level 2 of the Dungeon)
 w - a +2 leather armour of positive energy
   (You took it off an orc on level 4 of the Dungeon)
 x - a cursed -2 leather armour
   (You took it off an orc on level 4 of the Dungeon)
Jewellery
 r - a ring of protection from cold (left hand) {rC+, !d}
   (You found it on level 3 of the Dungeon)
 t - an uncursed ring of wizardry {unknown}
   (You found it on level 3 of the Dungeon)
 B - an uncursed ring of protection from fire {unknown}
   (You found it on level 4 of the Dungeon)
Scrolls
 h - a scroll of magic mapping {!r}
 i - a scroll of teleportation
 p - 3 scrolls of remove curse
 u - a scroll of fog {unknown}
 y - a scroll of noise {unknown}
 A - a scroll of identify
 D - a scroll of enchant armour {unknown}
Potions
 e - 3 potions of agility
 j - a potion of invisibility {unknown}
 m - 4 potions of lignification {!q}
 n - 3 potions of curing
 o - a potion of degeneration {unknown}
 s - a potion of brilliance {unknown}
 z - a potion of mutation {unknown}
Comestibles
 f - 10 rations {@e1}
 C - a chunk of flesh {@w0}


   Skills:
 + Level 6.0 Fighting
 * Level 7.9 Axes
 - Level 3.2 Armour
 + Level 5.5 Shields


You had 6 spell levels left.
You didn't know any spells.

Dungeon Overview and Level Annotations

Branches:
Dungeon (5/15)             Temple (1/1) D:4

Altars:
Ashenzari
Fedhas
Gozag
Hepliaklqana
Kikubaaqudgha
Nemelex Xobeh
Qazlal
Ru
Sif Muna
Trog
Uskayaw
Vehumet
Wu Jian
Xom
Zin
The Shining One

Annotations:
D:3 Sigmund


Message History

You block the orc wizard's attack.
The howler monkey hoots and howls with incredible vigour!
A gnoll comes into view. It is wielding a halberd.
The gnoll shouts!
You hear a shout! x4
You slash the orc wizard! You block the gnoll's attack.
The orc wizard gestures at you while chanting.
The magic dart hits you!
The howler monkey hoots and howls with incredible vigour!
The orc wizard casts a spell at you. You resist with some effort.
You hear a shout!
Something shouts, "Abandon hope, thou impertinent fool-born malt-worm!"
You hear an angry hiss. x2
You take 4 damage, and have 42/62 hp.
You hit the orc wizard. You block the orc wizard's attack.
The howler monkey splashes around in the water.
You barely miss the orc wizard.
The howler monkey splashes around in the water.
You block the orc wizard's attack.
Your chain mail prevents you from hitting the orc wizard.
The howler monkey splashes around in the water.
The orc wizard gestures wildly while chanting.
The orc wizard seems to speed up.
You miss the orc wizard.
The howler monkey hoots and howls with incredible vigour!
The orc wizard hits you with a dagger.
The orc wizard hits you but does no damage.
The howler monkey hits the plant.
You hear an angry hiss.
You take 2 damage, and have 41/62 hp.
Your shield and chain mail prevent you from hitting the orc wizard.
You closely miss the gnoll. The gnoll hits you.
You block the orc wizard's attack.
The howler monkey hits the plant but does no damage.
You block the gnoll's attack. x2
The orc wizard hits you but does no damage.
You take 4 damage, and have 37/62 hp.
You closely miss the orc wizard. You closely miss the gnoll.
The howler monkey hits the plant but does no damage.
The gnoll barely misses you.
The orc wizard hits you but does no damage.
The gnoll hits you but does no damage. x2
The howler monkey splashes around in the water.
A quokka and a zombie come into view.
You barely miss the orc wizard.
Your shield and chain mail prevent you from hitting the gnoll.
The orc wizard points at you and mumbles some strange words.
You feel yourself slow down.
The gnoll hits you from afar with a spear.
The bullfrog zombie completely misses something.
The howler monkey hits the plant but does no damage.
The orc wizard casts a spell at you. The magic dart hits you!
You block the gnoll's attack.
The gnoll hits you from afar with a halberd!
The gnoll hits you but does no damage.
You take 15 damage, and have 23/62 hp.
MASSIVE DAMAGE!!
You slash the orc wizard!
You kill the orc wizard!
Your Fighting skill increases to level 6!
You hit the gnoll.
The bullfrog zombie hits something but does no damage.
The howler monkey hits the plant.
The gnoll hits you but does no damage.
The bullfrog zombie hits the plant but does no damage.
You block the gnoll's attack. The gnoll barely misses you.
You block the orc's attack. The gnoll hits you but does no damage.
Some of the chunks of flesh in your inventory have rotted away.
A shadow imp comes into view.
You hit the orc but do no damage. You hit the gnoll but do no damage.
You block the gnoll's attack.
The bullfrog zombie hits the plant.
The gnoll hits you from afar with a halberd.
The gnoll barely misses you. The orc hits you with a club.
The gnoll barely misses you.
The bullfrog zombie hits the plant but does no damage.
You block the gnoll's attack.
An adder comes into view.
You take 5 damage, and have 19/63 hp.
Your shield and chain mail prevent you from hitting the orc.
You hit the gnoll.
The bullfrog zombie hits the plant but does no damage.
The gnoll completely misses you. The orc hits you but does no damage.
You block the gnoll's attack.
The bullfrog zombie hits the plant but does no damage.
The gnoll barely misses you.
The gnoll hits you from afar with a halberd!
* * * LOW HITPOINT WARNING * * *
The orc hits you but does no damage. The gnoll hits you but does no damage.
You take 10 damage, and have 9/63 hp.
You hit the orc. You slash the gnoll!
You kill the gnoll!
The bullfrog zombie hits the plant.
The gnoll hits you from afar with a halberd!
* * * LOW HITPOINT WARNING * * *
The bullfrog zombie hits the plant but does no damage.
The gnoll barely misses you. The orc hits you but does no damage.
You block the orc's attack.
The bullfrog zombie hits the plant but does no damage.
You block the gnoll's attack.
The gnoll hits you from afar with a halberd.
You die... ♣ PP♣

#######Z.≈≈♣
#.#.@ohgPP≈≈
#.#o##g..P≈≈
### #>5g.+
.l.≈P
....###.#.##
..#.
#........#
##
####..#..#
#.....##.
#<........
####..##.#


You could see a howler monkey, an iguana (wandering), 3 gnolls, a shadow imp, 2
orcs and a bullfrog zombie.

Vanquished Creatures
  Grinder (D:3)
  An ogre (D:4)
  A scorpion (D:4)
  The ghost of garrulousMonolith the Firebug, a weakling DrFE (D:3)
  A crimson imp (D:4)
  2 orc wizards
  2 worker ants (D:4)
  2 gnolls
  5 adders
  5 worms
  6 dart slugs
  A leopard gecko (D:4)
  11 orcs
  4 giant cockroaches
  4 goblins
  6 hobgoblins
  3 jackals (D:2)
  10 kobolds
  A quokka (D:2)
  A ball python (D:2)
  5 bats
  3 frilled lizards
  13 rats
89 creatures vanquished.

Notes
Turn   | Place    | Note
-------+----------+-------------------------------------------
     0 | D:1      | Firecrotchwizard the Hill Orc Fighter began the quest for the Orb.
     0 | D:1      | Reached XP level 1. HP: 19/19 MP: 1/1
    67 | D:1      | Reached skill level 3 in Axes
   129 | D:1      | Reached XP level 2. HP: 17/27 MP: 2/2
   348 | D:1      | Reached skill level 4 in Fighting
   437 | D:1      | Reached XP level 3. HP: 33/33 MP: 3/3
   915 | D:2      | Reached skill level 4 in Axes
  1209 | D:2      | Reached XP level 4. HP: 29/40 MP: 4/4
  1539 | D:2      | Reached skill level 4 in Shields
  1709 | D:2      | Found a deep blue altar of Sif Muna.
  2261 | D:3      | Reached skill level 5 in Axes
  2289 | D:3      | Reached XP level 5. HP: 41/47 MP: 5/5
  2313 | D:3      | Found a radiant altar of Vehumet.
  2325 | D:3      | Noticed Grinder
  2342 | D:3      | Killed Grinder
  2342 | D:3      | Reached skill level 5 in Fighting
  2342 | D:3      | Reached skill level 6 in Axes
  2342 | D:3      | Reached XP level 6. HP: 17/56 MP: 6/6
  2595 | D:3      | Noticed Sigmund
  2787 | D:3      | Noticed garrulousMonolith's ghost (weakling DrFE)
  2813 | D:3      | Killed garrulousMonolith's ghost
  3264 | D:4      | Reached skill level 5 in Shields
  3267 | D:4      | Reached skill level 7 in Axes
  3267 | D:4      | Reached XP level 7. HP: 61/61 MP: 7/7
  3301 | D:4      | Found an opulent altar of Gozag.
  3643 | D:4      | Found a staircase to the Ecumenical Temple.
  3656 | Temple   | Entered the Ecumenical Temple
  4313 | D:4      | Found an ornate altar of the Wu Jian Council.
  4772 | D:5      | Entered Level 5 of the Dungeon
  4796 | D:5      | Reached skill level 6 in Fighting
  4798 | D:5      | HP: 9/63 [gnoll/halberd (10)]
  4799 | D:5      | HP: 2/63 [gnoll/halberd (8)]
  4799 | D:5      | Slain by a gnoll

Vault maps used:
D:1:      minmay_arrival_cross, hex_large, moated_statue, minmay_pentomino_r2
D:2:      nicolae_overflow_hidden_temple, grunt_ministairs_10, minmay_surrounded
D:3:      overflow_temple_1_default, uniq_sigmund, uniq_grinder
D:4:      lemuel_coloured_pillars_altar, grunt_gozag_statues,
          minmay_temple_entry_statues_pillars
D:5:      first_ration, serial_bayou_pond_c
Temple:   minmay_temple_forest_path

Skill      XL: |  1  2  3  4  5  6  7 |
---------------+----------------------+-----
Axes           | 3 4 5 6 7 |  7.9
Fighting       | 4 5 6 |  6.0
Shields        | 4 5 |  5.5
Armour         | |  3.2

Action                   |  1- 3 |  4- 6 |  7- 9 || total
-------------------------+-------+-------+-------++-------
Melee: War axe           |    93 |   143 |    62 ||   298
  Use: Scroll            |       |     7 |       ||     7
       Potion            |       |     1 |       ||     1
  Eat: Chunk             |     1 |     4 |     4 ||     9
       Ration            |       |     1 |       ||     1
Armor: Scale mail        |    14 |       |       ||    14
       Chain mail        |    40 |    68 |    25 ||   133
Dodge: Dodged            |    22 |    25 |    18 ||    65
Block: Shield            |    50 |    69 |    34 ||   153

Table legend:
 A = Spawn XP
 B = Non-spawn XP
 C = Spawn XP percentage of total XP
 D = Spawn monster count
 E = Non-spawn monster count
 F = Spawn count percentage of total count
 G = Total turns spent on level
                    A         B        C        D         E        F      G
               +---------+---------+-------+---------+---------+-------+---------
         Total |       0 |     962 |   0.0 |       0 |      89 |   0.0 |  4799
               +---------+---------+-------+---------+---------+-------+---------
           D:1 |       0 |      48 |   0.0 |       0 |      19 |   0.0 |   904
           D:2 |       0 |      86 |   0.0 |       0 |      26 |   0.0 |  1400
           D:3 |       0 |     392 |   0.0 |       0 |      25 |   0.0 |  1163
           D:4 |       0 |     375 |   0.0 |       0 |      15 |   0.0 |   979
           D:5 |       0 |      61 |   0.0 |       0 |       4 |   0.0 |    27
               +---------+---------+-------+---------+---------+-------+---------

Vault maps used:
D:1:      minmay_arrival_cross, hex_large, moated_statue, minmay_pentomino_r2
D:2:      nicolae_overflow_hidden_temple, grunt_ministairs_10, minmay_surrounded
D:3:      overflow_temple_1_default, uniq_sigmund, uniq_grinder
D:4:      lemuel_coloured_pillars_altar, grunt_gozag_statues,
          minmay_temple_entry_statues_pillars
D:5:      first_ration, serial_bayou_pond_c
Temple:   minmay_temple_forest_path

Table legend:
 A = Turns spent in this place as a percentage of turns spent in the entire game.
 B = Non-inter-level travel turns spent in this place as a percentage of non-inter-level travel turns spent in the entire game.
 C = Inter-level travel turns spent in this place as a percentage of turns spent in this place.
 D = Turns resting spent in this place as a percentage of non-inter-level travel turns spent in this place.
 E = Turns spent auto-exploring this place as a percentage of non-inter-level travel turns spent in this place.
 F = Non-inter-level travel turns spent in this place divided by the number of levels of this place that you've seen.
                   A       B       C       D       E      F
               +-------+-------+-------+-------+-------+----------------------
         Total | 100.0 | 100.0 |   5.7 |  28.8 |  56.9 | 754.5
       Dungeon |  93.2 |  93.7 |   5.1 |  30.7 |  54.1 | 848.8
        Temple |   6.8 |   6.3 |  13.2 |   0.0 |  99.3 | 283.0
               +-------+-------+-------+-------+-------+----------------------

Table legend:
 A = Kills in this place as a percentage of kills in entire the game.
 B = Kills by you in this place as a percentage of kills by you in the entire game.
 C = Kills by friends in this place as a percentage of kills by friends in the entire game.
 D = Other kills in this place as a percentage of other kills in the entire game.
 E = Experience gained in this place as a percentage of experience gained in the entire game.
 F = Experience gained in this place divided by the number of levels of this place that you have seen.
                   A       B       C       D       E      F
               +-------+-------+-------+-------+-------+----------------------
         Total | 100.0 | 100.0 |   N/A |   N/A | 100.0 | 160.3
       Dungeon | 100.0 | 100.0 |   N/A |   N/A | 100.0 | 192.4
               +-------+-------+-------+-------+-------+----------------------
